 Dungeon Crawl Stone Soup version 0.17.0-19-gb37c632 (console) character file.

6130 Kloppie the Protected (level 10, -2/96 HPs)
             Began as a Minotaur Fighter on Nov 12, 2015.
             Was a Believer of the Shining One.
             Slain by a four-headed hydra (8 damage)
             ... on level 8 of the Dungeon.
             The game lasted 00:14:35 (7025 turns).

Kloppie the Protected (Minotaur Fighter)            Turns: 7025, Time: 00:14:35

Health: -2/96      AC: 16    Str: 21    XL:     10   Next: 59%
Magic:  9/9        EV: 11    Int:  5    God:    the Shining One [**....]
Gold:   348        SH: 13    Dex: 16    Spells: 0 memorised, 9 levels left

rFire  . . .     SeeInvis .     (no weapon)
rCold  . . .     Clarity  .     C - +0 chain mail
rNeg   + + .     SustAt   .     c - +0 shield
rPois  .         Gourm    .     (helmet unavailable)
rElec  .         Spirit   .     A - +0 cloak
rCorr  .         Warding  +     (no gloves)
rMut   .         Stasis   .     (no boots)
MR     +....                    k - amulet of warding
Stlth  ..........               (no ring)
                                (no ring)

@: agile, glowing, somewhat resistant to hostile enchantments, extremely
unstealthy
A: retaliatory headbutt, beak, claws 1, horns 3, large bone plates 2, clumsy 1,
magic resistance 1
a: Divine Shield, Renounce Religion


You were on level 8 of the Dungeon.
You worshipped the Shining One.
The Shining One was pleased with you.
You were not hungry.

You visited 2 branches of the dungeon, and saw 9 of its levels.

You collected 348 gold pieces.

Inventory:

Hand Weapons
 a - a +2 broad axe of freezing
 z - a +0 war axe
Armour
 c - a +0 shield (worn)
 A - a +0 cloak (worn)
 C - a +0 chain mail (worn)
Jewellery
 k - an amulet of warding (around neck)
 p - an uncursed amulet of the gourmand
Wands
 m - a wand of paralysis (16)
 o - a wand of digging (6)
 t - a wand of fire (12)
 w - a wand of heal wounds (4)
 G - a wand of lightning (7)
Scrolls
 b - a scroll of enchant armour {unknown}
 d - 2 scrolls of immolation {unknown}
 f - 2 scrolls of identify
 n - a scroll of amnesia
 q - a scroll of magic mapping
 x - 2 scrolls of remove curse
 E - 2 scrolls of noise {unknown}
 H - a scroll of teleportation
Potions
 j - a potion of resistance
 l - a potion of magic
 r - a potion of cancellation
 u - 3 potions of brilliance
 B - a potion of cure mutation
 I - a potion of curing {unknown}
 J - 2 potions of poison {unknown}
Books
 s - a book of Debilitation

   Spells                             Type                      Level
   a - Corona                         Hexes                        1
   b - Slow                           Hexes                        2
   c - Gell's Gravitas                Hexes/Translocation          3
   d - Inner Flame                    Hexes/Fire                   3
   e - Cause Fear                     Hexes                        4
   f - Leda's Liquefaction            Hexes/Earth                  4
 y - a Fen Folio

   Spells                             Type                      Level
   a - Corpse Rot                     Necromancy                   2
   b - Stone Arrow                    Conjuration/Earth            3
   c - Leda's Liquefaction            Hexes/Earth                  4
   d - Summon Forest                  Summoning/Translocation      5
   e - Hydra Form                     Transmutation                6
   f - Summon Hydra                   Summoning                    7
Comestibles
 e - 3 bread rations
 g - 5 meat rations
 h - 3 slices of pizza
 i - a chunk of flesh
 D - 3 fruits


   Skills:
 + Level 11.4 Fighting
 + Level 11.2 Axes
 + Level 11.6 Armour
 - Level 3.6 Shields


You had 9 spell levels left.
You didn't know any spells.

Dungeon Overview and Level Annotations

Branches:
Dungeon (8/15)             Temple (1/1) D:4
   Lair: D:8-11

Altars:
Ashenzari
Cheibriados
Elyvilon
Fedhas
Gozag
Kikubaaqudgha
Makhleb
Nemelex Xobeh
Okawaru
Qazlal
Ru
Sif Muna
Trog
Vehumet
Xom
Yredelemnul
Zin
The Shining One

Shops:
D:5 %   D:8 *


Innate Abilities, Weirdness & Mutations

You reflexively headbutt those who attack you in melee.
You have a pair of large horns on your head.
You have a beak for a mouth.
You have sharp fingernails.
You are mostly covered in large bone plates (AC +3, SH +3).
You are clumsy. (Dex -2)
You are resistant to hostile enchantments.


Message History

The four-headed hydra is heavily wounded.
You block the four-headed hydra's attack. x2
The four-headed hydra bites you!
* * * LOW HITPOINT WARNING * * *
You block the four-headed hydra's attack.
You scratch the four-headed hydra. You headbutt the four-headed hydra!
You peck the four-headed hydra.
The four-headed hydra is almost dead.
The four-headed hydra bites you but does no damage.
The four-headed hydra bites you!
* * * LOW HITPOINT WARNING * * *
The four-headed hydra closely misses you.
You block the four-headed hydra's attack.
The four-headed hydra bites you!
* * * LOW HITPOINT WARNING * * *
The four-headed hydra bites you.
* * * LOW HITPOINT WARNING * * *
The four-headed hydra closely misses you.
The four-headed hydra bites you!
You die...

........#..........≈...#
........#..........≈...#
........#......[...≈..##
........P.............#
......†...P......≈....#
###....[...P.....≈....##
#.P..)...)P...≈≈.....#
#P†..P....P.P....≈....#
#..P.P#+##..PP.@......#####...
#..P...# #P.PPPD..............
#...P..# #P..P........########
#..P...# #PPP.........#######
#...P.PP PP...PP............[#
#....P.....................#.#
.........#+#'#..### P.P..#####
#.#..# ..'.........#..#


You could see a four-headed hydra.

Vanquished Creatures
  Erica (D:8)
  Erolcha (D:8)
  The ghost of Acur the Covert, a novice OpAs of Dithmenos (D:8)
  An ugly thing (D:7)
  A hungry ghost (D:7)
  4 yaks (D:8)
  A wyvern (D:8)
  Edmund (D:4)
  A water moccasin (D:4)
  2 orc warriors
  A sky beast (D:7)
  An ogre (D:6)
  3 ice beasts
  2 phantoms
  A centaur (D:6)
  2 giant frogs
  2 big kobolds
  2 jellies
  2 electric eels (D:8)
  4 wights (D:8)
  A crimson imp (D:6)
  2 giant frog zombies
  The ghost of matevoz the Firebug, a weakling DEFE (D:3)
  11 orc wizards
  5 hounds
  Crazy Yiuf (D:5)
  4 orc priests
  2 giant frog skeletons
  A centaur skeleton (D:7)
  4 worker ants
  4 hound skeletons
  A worker ant zombie (D:5)
  3 gnolls (D:2)
  12 adders
  2 oozes (D:2)
  2 worms (D:3)
  28 orcs
  10 giant cockroaches
  10 hobgoblins
  6 quokkas
  A ball python (D:7)
  20 bats
  7 giant geckos
  2 giant gecko zombies
  3 giant newts
  7 goblins
  12 jackals
  20 kobolds
  A quokka skeleton (D:5)
  A quokka zombie (D:7)
  14 rats
  A fungus (D:8)
  4 plants (D:8)
237 creatures vanquished.

Vanquished Creatures (others)
  A rat (D:8)
  A fungus (D:8)
2 creatures vanquished.

Grand Total: 239 creatures vanquished

Notes
Turn   | Place    | Note
--------------------------------------------------------------
     0 | D:1      | Kloppie the Minotaur Fighter began the quest for the Orb.
     0 | D:1      | Reached XP level 1. HP: 19/19 MP: 0/0
   281 | D:1      | Reached skill level 4 in Fighting
   304 | D:1      | Reached XP level 2. HP: 25/27 MP: 1/1
   856 | D:2      | Reached XP level 3. HP: 33/33 MP: 2/2
  1047 | D:2      | Reached XP level 4. HP: 32/41 MP: 3/3
  1556 | D:3      | Reached skill level 5 in Armour
  1611 | D:3      | Noticed matevoz's ghost (weakling DEFE)
  1627 | D:3      | Killed matevoz's ghost
  1627 | D:3      | Reached XP level 5. HP: 38/47 MP: 4/4
  1649 | D:3      | Found an ancient bone altar of Kikubaaqudgha.
  2107 | D:3      | Reached skill level 5 in Fighting
  2254 | D:4      | Noticed a phantom
  2265 | D:4      | Killed a phantom
  2265 | D:4      | Reached skill level 5 in Axes
  2265 | D:4      | Reached XP level 6. HP: 47/56 MP: 5/5
  2428 | D:4      | Found a staircase to the Ecumenical Temple.
  2437 | Temple   | Entered the Ecumenical Temple
  2612 | D:4      | Noticed Edmund
  2621 | D:4      | Killed Edmund
  2621 | D:4      | Reached skill level 6 in Armour
  2853 | D:4      | Found a basalt altar of Yredelemnul.
  2928 | D:4      | Found a bloodstained altar of Trog.
  2931 | D:4      | Found a shattered altar of Ashenzari.
  2937 | D:4      | Found a deep blue altar of Sif Muna.
  3166 | D:4      | Reached XP level 7. HP: 55/62 MP: 6/6
  3227 | D:5      | Entered Level 5 of the Dungeon
  3289 | D:4      | Noticed a water moccasin
  3296 | D:4      | Killed a water moccasin
  3587 | D:5      | Reached skill level 7 in Armour
  3709 | D:5      | Found Byesufon's Food Shop.
  3976 | D:5      | Reached XP level 8. HP: 69/73 MP: 7/7
  4034 | D:5      | Noticed Crazy Yiuf
  4037 | D:5      | Killed Crazy Yiuf
  4389 | Temple   | Became a worshipper of the Shining One
  4580 | D:6      | Found a blossoming altar of Fedhas.
  4598 | D:6      | Found a burning altar of Makhleb.
  4598 | D:6      | Noticed a green death
  4721 | D:6      | Reached skill level 8 in Armour
  5522 | D:7      | Gained mutation: You are partially covered in large bone plates (AC +2, SH +2). [mutagenic meat]
  5523 | D:7      | Gained mutation: You are clumsy. (Dex -2) [mutagenic meat]
  5524 | D:7      | Gained mutation: You are mostly covered in large bone plates (AC +3, SH +3). [mutagenic meat]
  5525 | D:7      | Gained mutation: You have a pair of large horns on your head. [mutagenic meat]
  5526 | D:7      | Gained mutation: You are frail (-10% HP). [mutagenic meat]
  5527 | D:7      | Gained mutation: You have a beak for a mouth. [potion of mutation]
  5527 | D:7      | Gained mutation: You are resistant to hostile enchantments. [potion of mutation]
  5528 | D:7      | Gained mutation: You have sharp fingernails. [potion of mutation]
  5528 | D:7      | Lost mutation: You are frail (-10% HP). [potion of mutation]
  5577 | D:7      | Noticed a white ugly thing
  5582 | D:7      | Killed a white ugly thing
  5582 | D:7      | Reached skill level 9 in Fighting
  5582 | D:7      | Reached XP level 9. HP: 79/83 MP: 8/8
  5891 | D:7      | Reached * piety under the Shining One
  6279 | D:8      | Noticed Erolcha
  6284 | D:8      | Reached skill level 10 in Armour
  6286 | D:8      | HP: 2/85 [electric eel/bolt of electricity (11)]
  6468 | D:8      | Killed Erolcha
  6468 | D:8      | Reached skill level 10 in Fighting
  6468 | D:8      | Reached skill level 10 in Axes
  6518 | D:8      | Noticed Acur's ghost (novice OpAs)
  6532 | D:8      | Killed Acur's ghost
  6532 | D:8      | Reached XP level 10. HP: 83/94 MP: 9/9
  6568 | D:8      | Noticed Erica
  6582 | D:8      | Killed Erica
  6582 | D:8      | Reached skill level 11 in Fighting
  6861 | D:8      | Reached ** piety under the Shining One
  6866 | D:8      | Found Wanojuu's Demolitions Depot.
  7002 | D:8      | Noticed a four-headed hydra
  7025 | D:8      | Slain by a four-headed hydra

Action                   |  1- 3 |  4- 6 |  7- 9 | 10-12 || total
-------------------------+-------+-------+-------+-------++-------
Melee: War axe           |    74 |    87 |       |       ||   161
       Broad axe         |       |    61 |   260 |    60 ||   381
       Unarmed           |       |       |       |    12 ||    12
  Use: Scroll            |       |       |    15 |       ||    15
       Potion            |       |       |     6 |     2 ||     8
  Eat: Chunk             |     1 |     6 |    18 |     2 ||    27
       Beef jerky        |       |       |     1 |       ||     1
       Fruit             |       |       |     1 |       ||     1
